Map: 虚空撕裂

Players

jinjing

  • Race: Terran Terran
  • Spawn Location: 9:00

Nice

  • Race: Terran Terran
  • Spawn Location: 6:00

VOD

Have the link to the VOD?

Description

Time

  • Played on: Feb. 28, 2018, 6:22 a.m.
  • Length: 14:37
Show
View Real Time Build Order
Export as new Build Order

jinjing Terran 

Build Orders:  

Get SALT Encoding   

  12  0:06  SCV  
  13  0:23  SCV  
  13  0:26  Supply Depot  
  14  0:39  SCV  
  15  0:49  Factory  
  15  0:59  SCV  
  16  1:10  Refinery  
  16  1:16  SCV  
  17  1:20  Refinery  
  17  1:32  SCV  
  18  1:49  SCV  
  19  1:57  Factory Tech Reactor  
  19  2:06  SCV  
  20  2:13  Supply Depot  
  20  2:23  SCV  
  21  2:34  Starport  
  21  2:47  Armory  
  22  3:00  SCV  
  22  3:07  Upgrade Laser Drill Level 1  
  22  3:11  Perdition Turret  
  22  3:24  Starport Tech Reactor  
  22  3:26  Hercules  
  22  3:27  SCV  
  26  3:45  SCV  
  28  4:02  SCV  
  28  4:15  Devastation Turret  
  28  4:28  Devastation Turret  
  29  4:50  SCV  
  29  5:06  Devastation Turret  
  29  5:26  Devastation Turret, Upgrade Laser Drill Level 2  
  29  5:32  Engineering Bay  
  29  5:53  SCV  
  29  5:56  Supply Depot  
  30  6:02  Devastation Turret  
  30  6:14  Fire-Suppression Systems  
  30  6:26  Hercules  
  33  6:56  Hercules  
  35  7:16  Spinning Dizzy  
  35  7:22  KMC Auto-Loaders  
  35  7:23  SCV  
  36  7:35  Factory  
  36  7:37  Devastation Turret  
  37  7:41  SCV  
  37  8:27  Devastation Turret x2  
  36  8:52  Hi-Sec Auto Tracking  
  36  8:54  Hercules  
  39  9:19  Perdition Turret  
  38  9:35  Hercules  
  38  9:40  Devastation Turret  
  38  9:41  Spinning Dizzy  
  38  9:51  Building Armor  
  38  9:52  Devastation Turret  
  39  10:02  SCV  
  39  10:08  Devastation Turret  
  39  10:13  Devastation Turret  
  39  10:46  Factory  
  39  11:06  Devastation Turret  
  39  11:08  Devastation Turret  
  39  11:16  Spinning Dizzy  
  39  11:30  Devastation Turret  
  39  11:32  Devastation Turret  
  33  11:59  Devastation Turret  
  33  12:44  Devastation Turret  
  33  12:45  Devastation Turret x2  
  33  12:46  Spinning Dizzy  
  33  12:54  Spinning Dizzy  
  33  12:58  Devastation Turret  
  28  13:12  Devastation Turret  
  26  13:28  Devastation Turret  
  26  13:29  Spinning Dizzy, Devastation Turret  
  24  13:57  Devastation Turret  
  24  13:58  Devastation Turret  
Show
View Real Time Build Order
Export as new Build Order

Nice Terran 

Build Orders:  

Get SALT Encoding   

Tags
 
Commander
RaynorSwann
Matchup
Co-op
Replay Pack
Co-op Speedrun
Add a new tag
Caveats
  • Supply blocks, unpowered buildings, or Contaminate may cause inaccurate times.
  • Supply counts are checked every 10 seconds.